 Dungeon Crawl Stone Soup version 0.22-a0-254-gaf95ca0 (webtiles) character file.

2822 operationiv the Spear-Bearer (level 9, 0/84 HPs)
             Began as a Minotaur Monk on Mar 4, 2018.
             Was a Priest of Yredelemnul.
             Slain by a two-headed ogre
             ... wielding a cursed -2 giant club
              (14 damage)
             ... on level 10 of the Dungeon.
             The game lasted 00:14:14 (8337 turns).

operationiv the Spear-Bearer (Minotaur Monk)        Turns: 8337, Time: 00:14:14

Health: 0/84       AC: 10    Str: 22    XL:     9   Next: 45%
Magic:  9/9        EV: 11    Int:  8    God:    Yredelemnul [***...]
Gold:   305        SH:  3    Dex: 12    Spells: 8/8 levels left

rFire    . . .     SeeInvis .   s - +0 trident
rCold    . . .     Gourm    .   p - +0 buckler
rNeg     . . .     Faith    .   C - +0 plate armour
rPois    .         Spirit   .   (helmet restricted)
rElec    .         Reflect  .   (no cloak)
rCorr    .         Harm     .   (no gloves)
MR       .....                  (no boots)
Stlth    ..........             (no amulet)
HPRegen  0.24/turn              B - +5 ring of evasion
MPRegen  0.11/turn              v - +3 ring of strength

@: lethally poisoned (0 -> -38), about to teleport, very slightly contaminated,
slowed, invisible, very slow
A: retaliatory headbutt, horns 2
a: Recall Undead Slaves, Injury Mirror, Animate Dead, Renounce Religion


You were on level 10 of the Dungeon.
You worshipped Yredelemnul.
Yredelemnul was most pleased with you.
You were very hungry.

You visited 2 branches of the dungeon, and saw 9 of its levels.

You collected 305 gold pieces.

Inventory:

Hand Weapons
 s - a +0 trident (weapon)
   (You took it off an orc on level 3 of the Dungeon)
Missiles
 b - 7 curare-tipped needles
 g - 103 stones (quivered)
 x - a throwing net {=f, !d}
Armour
 p - a +0 buckler (worn)
   (You found it on level 3 of the Dungeon)
 C - a +0 plate armour (worn)
   (You took it off an orc warrior on level 7 of the Dungeon)
Jewellery
 t - an uncursed ring of protection from fire {rF+, !d}
   (You took it off a kobold on level 3 of the Dungeon)
 v - a +3 ring of strength (right hand)
   (You found it on level 7 of the Dungeon)
 B - a +5 ring of evasion (left hand)
   (You found it on level 6 of the Dungeon)
Wands
 e - a wand of random effects (12)
   (You found it on level 7 of the Dungeon)
Scrolls
 f - 2 scrolls of immolation {!r}
 h - a scroll of fog
 i - 4 scrolls of teleportation
 n - a scroll of magic mapping {!r}
 q - 2 scrolls of amnesia
 r - a scroll of enchant armour {unknown}
Potions
 a - a potion of lignification {!q}
 j - a potion of ambrosia
 u - a potion of agility
 A - a potion of resistance
Comestibles
 c - 10 rations {@e1}


   Skills:
 + Level 9.5 Fighting
 * Level 12.5 Polearms
 - Level 3.2 Dodging
 - Level 1.5 Stealth
 - Level 2.6 Invocations


You had 8 spell levels left.
You didn't know any spells.

Dungeon Overview and Level Annotations

Branches:
Dungeon (7/15)             Temple (1/1) D:4

Altars:
Ashenzari
Dithmenos
Elyvilon
Hepliaklqana
Kikubaaqudgha
Makhleb
Nemelex Xobeh
Okawaru
Qazlal
Ru
Uskayaw
Vehumet
Wu Jian
Xom
Yredelemnul
Zin
The Shining One

Shops:
D:4 [

Annotations:
D:10 Sonja; scythe's ghost, journeyman GrFi


Innate Abilities, Weirdness & Mutations

You reflexively headbutt those who attack you in melee.
You have a pair of horns on your head.


Message History

Sonja wields an uncursed enchanted blowgun.
Sonja shoots a curare-tipped needle.
The curare-tipped needle hits you.
You are more poisoned.
You have difficulty breathing.
* * * LOW HITPOINT WARNING * * *
You feel as though you will be slow longer.
The howler monkey hoots and howls with incredible vigour!
You see here a curare-tipped needle.
You take 7 damage, and have 23/84 hp.
You feel better.
Sonja casts a spell.
Sonja blinks!
The howler monkey closely misses you. You furiously retaliate!
You headbutt the howler monkey.
Sonja shoots a curare-tipped needle.
The curare-tipped needle closely misses you.
The howler monkey barely misses you.
Sonja bows elegantly.
You regained 12 hp, and now have 35/84 hp.
Scythe's ghost (journeyman Gargoyle Fighter) comes into view.
It is wielding a weapon of venom.
Scythe's ghost turns its malevolent gaze towards you.
The howler monkey hits you but does no damage.
The howler monkey hits you.
You take 3 damage, and have 32/84 hp.
The howler monkey hits you but does no damage.
You see here a potion of curing.
d - a potion of curing The howler monkey hits you but does no damage. x2
Scythe's ghost hits you but does no damage.
You are poisoned.
The howler monkey hits you but does no damage.
Scythe's ghost hits you but does no damage.
You are more poisoned.
A two-headed ogre comes into view.
It is wielding a giant club and a giant spiked club.
You fade into invisibility!
You feel sick.
The two-headed ogre shouts in stereo!
Sonja unwields an uncursed enchanted blowgun.
Sonja wields an uncursed dagger of venom.
It begins to drip with poison!
Sonja closely misses you. Sonja misses you. Sonja hits you but does no damage.
You are more poisoned.
Scythe's ghost barely misses you.
Sonja hits you with an uncursed dagger of venom.
You are more poisoned.
Sonja hits you but does no damage.
You are more poisoned.
Sonja closely misses you. You block the howler monkey's attack.
You are very lightly contaminated with residual magic.
You take 3 damage, and have 30/84 hp.
You feel very sick.
The two-headed ogre shouts in stereo!
Scythe's ghost grins evilly.
Sonja closely misses you. Sonja barely misses you. x2
Scythe's ghost barely misses you. You furiously retaliate!
You headbutt scythe's ghost, but do no damage.
You see here a curare-tipped needle.
You take 3 damage, and have 27/84 hp.
* * * LOW HITPOINT WARNING * * *
You feel very sick.
The two-headed ogre shouts in stereo!
Sonja hits you but does no damage.
You are lethally poisoned!
Sonja hits you but does no damage.
You are more poisoned.
Sonja barely misses you.
You take 3 damage, and have 24/84 hp.
You feel better. Sonja misses you. You furiously retaliate!
You headbutt Sonja. Sonja hits you but does no damage.
You are poisoned.
Sonja barely misses you.
Sonja shouts, "Too slow!"
You block Sonja's attack. Sonja barely misses you.
Sonja hits you but does no damage.
You are more poisoned.
You regained 6 hp, and now have 30/84 hp.
You feel sick. Sonja barely misses you. Sonja hits you but does no damage.
You are more poisoned.
Sonja hits you with an uncursed dagger of venom.
You are lethally poisoned!
You take 3 damage, and have 27/84 hp.
As you read the scroll of teleportation, it crumbles to dust.
You feel strangely unstable.
* * * LOW HITPOINT WARNING * * *
You feel very sick. You block Sonja's attack.
Sonja hits you with an uncursed dagger of venom.
* * * LOW HITPOINT WARNING * * *
You are more poisoned.
Sonja hits you but does no damage.
You are more poisoned.
Sonja hits you with an uncursed dagger of venom.
* * * LOW HITPOINT WARNING * * *
You block Sonja's attack.
Sonja hits you with an uncursed dagger of venom.
* * * LOW HITPOINT WARNING * * *
The two-headed ogre barely misses you.
The two-headed ogre hits you with a giant spiked club!
You die...
Your body rises from the dead as a mindless zombie.

###$#............##**,,,*
*****###...........#....# *,,,,**
*,,,,.......((.....#....# *,,,,,,
*,***###/#.#............#**,**,,,
*,* #,#.#(...h.......,,,,**,,,
*,* *,#,#..###..#.#..*******,,
*,* *,#.#..###.......* **,**
*,******,#..$.hOO....#,** **,*,*
*,**,,,,,##.$hWK@....#,* **,***,
*,**,***,#....h###!#.#,****,** **
*,**,* #......## *,#,,,,**,** *
*,,,,**#.(...##***,*,,,,,,,,** **
****,,...#.#..,,,,,*,,,,****,***,
***..##.#.*****,*,***,,,,,,*,,
*,,*#,#.* *,,,,,,,*****,**
*,,**,*,* ***,,**** ***
**,,**,*,* **,*


You could see 2 two-headed ogres, Sonja, 3 howler monkeys and scythe's ghost.

Vanquished Creatures
  Joseph (D:7)
  The ghost of lukano the Shield-Bearer, a novice MiFi of the Shining One (D:5)
  Grinder (D:5)
  Sigmund (D:3)
  An ice beast (D:6)
  A phantom (D:5)
  A necrophage (D:7)
  4 ogres
  A big kobold (D:7)
  A gnoll sergeant (D:6)
  3 bullfrogs (D:7)
  A water moccasin zombie (D:7)
  2 vampire bats (D:7)
  2 howler monkeys
  2 bullfrog zombies (D:7)
  A crimson imp (D:6)
  A centaur skeleton (D:4)
  2 jellies
  2 orc priests (D:3)
  4 iguanas
  4 orc wizards
  2 worker ants
  A killer bee zombie (D:7)
  A hound zombie (D:5)
  8 gnolls
  A howler monkey skeleton (D:4)
  5 adders
  2 shadow imps (D:5)
  2 adder zombies (D:5)
  2 worms (D:3)
  4 dart slugs
  6 leopard geckos
  16 orcs
  A ball python (D:1)
  9 bats
  3 bat skeletons (D:7)
  A bat zombie (D:7)
  3 giant cockroaches
  6 goblins
  7 hobgoblins
  8 jackals
  A quokka (D:2)
  6 frilled lizards
  10 kobolds
  A quokka skeleton (D:7)
  13 rats
156 creatures vanquished.

Vanquished Creatures (collateral kills)
  An orc warrior (D:7)
  A phantom (D:7)
  A jelly (D:6)
  An orc priest (D:7)
  An orc wizard (D:5)
  3 orcs
  2 quokkas
  A ball python (D:7)
11 creatures vanquished.

Vanquished Creatures (others)
  A big kobold zombie (D:7)
  A worker ant zombie (D:7)
  A gnoll (D:7)
  An adder (D:7)
  2 iguana zombies
  2 orcs (D:7)
  A bat zombie (D:7)
  2 gnoll zombies (D:7)
  2 kobold zombies (D:7)
  A leopard gecko zombie (D:7)
  2 orc zombies (D:5)
  A quokka zombie (D:6)
17 creatures vanquished.

Grand Total: 184 creatures vanquished

Notes
Turn   | Place    | Note
-------+----------+-------------------------------------------
     0 | D:1      | operationiv the Minotaur Monk began the quest for the Orb.
     0 | D:1      | Reached XP level 1. HP: 19/19 MP: 0/0
    97 | D:1      | Reached skill level 4 in Polearms
   233 | D:1      | Reached XP level 2. HP: 27/27 MP: 1/1
   409 | D:1      | Reached skill level 4 in Fighting
   700 | D:1      | Reached XP level 3. HP: 33/33 MP: 2/2
  1123 | D:2      | Reached skill level 5 in Polearms
  1725 | D:3      | Reached XP level 4. HP: 39/41 MP: 3/3
  2053 | D:3      | Reached skill level 6 in Polearms
  2148 | D:3      | Reached XP level 5. HP: 47/47 MP: 4/4
  2162 | D:3      | Reached skill level 5 in Fighting
  2394 | D:3      | Noticed Sigmund
  2493 | D:3      | Killed Sigmund
  2493 | D:3      | Reached skill level 7 in Polearms
  2493 | D:3      | Reached XP level 6. HP: 20/57 MP: 5/5
  3116 | D:4      | Noticed a two-headed ogre
  3208 | D:3      | HP: 11/57 [two-headed ogre/giant club (15)]
  3468 | D:4      | Reached skill level 6 in Fighting
  3509 | D:4      | Reached skill level 8 in Polearms
  3759 | D:4      | Found a staircase to the Ecumenical Temple.
  3773 | Temple   | Entered the Ecumenical Temple
  3779 | Temple   | Became a worshipper of Yredelemnul the Dark
  3779 | Temple   | Reached * piety under Yredelemnul
  3779 | Temple   | Reached ** piety under Yredelemnul
  3895 | D:4      | Reached XP level 7. HP: 63/63 MP: 6/6
  3923 | D:4      | Found Reanapn's Antique Armour Boutique.
  4190 | D:5      | Entered Level 5 of the Dungeon
  4300 | D:5      | Noticed lukano's ghost (novice MiFi)
  4310 | D:5      | Found a shadowy altar of Dithmenos.
  4784 | D:5      | Reached skill level 9 in Polearms
  4806 | D:5      | Reached skill level 1 in Invocations
  4922 | D:5      | Found a white marble altar of Elyvilon.
  4925 | D:5      | Noticed Grinder
  4945 | D:5      | Killed Grinder
  4945 | D:5      | Reached skill level 7 in Fighting
  4945 | D:5      | Reached XP level 8. HP: 60/73 MP: 6/8
  5134 | D:5      | Killed lukano's ghost
  5134 | D:5      | Reached skill level 10 in Polearms
  5134 | D:5      | Reached skill level 2 in Invocations
  5170 | D:5      | HP: 18/74 [poisoned by a worker ant]
  5175 | D:5      | HP: 15/74 [poisoned by a worker ant]
  5181 | D:5      | HP: 12/74 [poisoned by a worker ant]
  5186 | D:5      | HP: 11/74 [poisoned by a worker ant]
  5193 | D:5      | HP: 11/74 [poisoned by a worker ant]
  5201 | D:5      | HP: 11/74 [poisoned by a worker ant]
  5787 | D:6      | Found a glowing golden altar of the Shining One.
  6148 | D:6      | Reached skill level 8 in Fighting
  6588 | D:6      | Reached skill level 11 in Polearms
  6863 | D:6      | Found a shimmering altar of Xom.
  7296 | D:7      | Reached *** piety under Yredelemnul
  7405 | D:7      | Reached XP level 9. HP: 62/82 MP: 9/9
  7675 | D:7      | Noticed Joseph
  7693 | D:7      | Killed Joseph
  7693 | D:7      | Reached skill level 9 in Fighting
  7693 | D:7      | Reached skill level 12 in Polearms
  7715 | D:7      | HP: 12/83 [orc warrior/halberd (21)]
  7730 | D:7      | HP: 15/83 [phantom (1)]
  8138 | D:7      | Found an ancient bone altar of Kikubaaqudgha.
  8315 | D:7      | You fall through a shaft for 3 floors!
  8315 | D:10     | Entered Level 10 of the Dungeon
  8315 | D:10     | Noticed Sonja
  8316 | D:10     | Noticed a two-headed ogre
  8324 | D:10     | HP: 18/84 [asphyx]
  8329 | D:10     | Noticed scythe's ghost (journeyman GrFi)
  8332 | D:10     | Noticed a two-headed ogre
  8337 | D:10     | HP: 21/84 [Sonja/uncursed dagger of venom (2)]
  8337 | D:10     | Slain by a two-headed ogre

Vault maps used:
D:1:      minmay_arrival_loop
D:2:      first_ration
D:3:      uniq_sigmund
D:4:      minmay_temple_entry_poolview, serial_shops, shop
D:5:      basic_altar, nicolae_dithmenos_through_a_glass_darkly, uniq_grinder
D:6:      old_standard_altar, dk_xom_monty_hall
D:7:      kennysheep_vampire_church, grunt_livestock, lemuel_old_faithful,
          uniq_joseph
D:10:     uniq_sonja
Temple:   minmay_freezing_vapour_temple

Skill      XL: |  1  2  3  4  5  6  7  8  9 |
---------------+----------------------------+-----
Polearms       | 4 5 6 7 8 9 11 12 | 12.5
Fighting       | 4 5 6 7 8 9 |  9.5
Invocations    | 1 2 |  2.6
Dodging        | |  3.2
Stealth        | |  1.5

Action                   |  1- 3 |  4- 6 |  7- 9 || total
-------------------------+-------+-------+-------++-------
Melee: Spear             |    77 |    65 |       ||   142
       Headbutt          |    10 |    25 |    51 ||    86
       Trident           |       |   105 |   278 ||   383
Throw: Stone             |    39 |    52 |    85 ||   176
Invok: Animate Remains   |       |       |     7 ||     7
       Animate Dead      |       |       |     9 ||     9
       Recall Undead Sla |       |       |     1 ||     1
  Use: Scroll            |       |     3 |    16 ||    19
       Potion            |       |       |     4 ||     4
 Stab: Sleeping          |     4 |     1 |       ||     5
       Distracted        |     1 |       |     1 ||     2
  Eat: Chunk             |     2 |     6 |     9 ||    17
       Ration            |       |       |     3 ||     3
Armor: Robe              |     5 |    17 |       ||    22
       Chain mail        |       |     8 |    80 ||    88
       Plate armour      |       |       |    21 ||    21
Dodge: Dodged            |    35 |    63 |    95 ||   193
Block: Buckler           |       |    14 |    27 ||    41

Table legend:
 A = Spawn XP
 B = Non-spawn XP
 C = Spawn XP percentage of total XP
 D = Spawn monster count
 E = Non-spawn monster count
 F = Spawn count percentage of total count
 G = Total turns spent on level
                    A         B        C        D         E        F      G
               +---------+---------+-------+---------+---------+-------+---------
         Total |       0 |    4032 |   0.0 |       0 |     167 |   0.0 |  8337
               +---------+---------+-------+---------+---------+-------+---------
           D:1 |       0 |      41 |   0.0 |       0 |      22 |   0.0 |   811
           D:2 |       0 |      33 |   0.0 |       0 |      15 |   0.0 |  1119
           D:3 |       0 |     521 |   0.0 |       0 |      48 |   0.0 |  1353
           D:4 |       0 |     195 |   0.0 |       0 |       9 |   0.0 |  1182
           D:5 |       0 |    1176 |   0.0 |       0 |      21 |   0.0 |  1448
           D:6 |       0 |     512 |   0.0 |       0 |      14 |   0.0 |  1331
           D:7 |       0 |    1551 |   0.0 |       0 |      37 |   0.0 |  1059
          D:10 |       0 |       3 |   0.0 |       0 |       1 |   0.0 |    22
               +---------+---------+-------+---------+---------+-------+---------

Vault maps used:
D:1:      minmay_arrival_loop
D:2:      first_ration
D:3:      uniq_sigmund
D:4:      minmay_temple_entry_poolview, serial_shops, shop
D:5:      basic_altar, nicolae_dithmenos_through_a_glass_darkly, uniq_grinder
D:6:      old_standard_altar, dk_xom_monty_hall
D:7:      kennysheep_vampire_church, grunt_livestock, lemuel_old_faithful,
          uniq_joseph
D:10:     uniq_sonja
Temple:   minmay_freezing_vapour_temple

Table legend:
 A = Turns spent in this place as a percentage of turns spent in the entire game.
 B = Non-inter-level travel turns spent in this place as a percentage of non-inter-level travel turns spent in the entire game.
 C = Inter-level travel turns spent in this place as a percentage of turns spent in this place.
 D = Turns resting spent in this place as a percentage of non-inter-level travel turns spent in this place.
 E = Turns spent auto-exploring this place as a percentage of non-inter-level travel turns spent in this place.
 F = Non-inter-level travel turns spent in this place divided by the number of levels of this place that you've seen.
                   A       B       C       D       E      F
               +-------+-------+-------+-------+-------+----------------------
         Total | 100.0 | 100.0 |   4.7 |  27.1 |  53.5 | 883.0
       Dungeon |  99.9 |  99.9 |   4.6 |  27.2 |  53.6 | 992.5
        Temple |   0.1 |   0.1 |  41.7 |   0.0 |   0.0 |   7.0
               +-------+-------+-------+-------+-------+----------------------

Table legend:
 A = Kills in this place as a percentage of kills in entire the game.
 B = Kills by you in this place as a percentage of kills by you in the entire game.
 C = Kills by friends in this place as a percentage of kills by friends in the entire game.
 D = Other kills in this place as a percentage of other kills in the entire game.
 E = Experience gained in this place as a percentage of experience gained in the entire game.
 F = Experience gained in this place divided by the number of levels of this place that you have seen.
                   A       B       C       D       E      F
               +-------+-------+-------+-------+-------+----------------------
         Total | 100.0 | 100.0 | 100.0 |   N/A | 100.0 | 448.0
       Dungeon | 100.0 | 100.0 | 100.0 |   N/A | 100.0 | 504.0
               +-------+-------+-------+-------+-------+----------------------
